[Event "Titled Tuesday Blitz August 08 Early 2023"]
[White "Malek, Jan"]
[Black "Gan-Od, Sereenen"]
[WhiteFideId "21864080"]
[BlackFideId "4901304"]
[WhiteElo "2614"]
[BlackElo "2767"]
[Result "0-1"]
[Round "8"]
[TimeControl "180+1"]
[Date "2023.08.08"]
[WhiteClock "0:00:00"]
[BlackClock "0:01:19"]
[Board "58"]

1. b3 Nf6 2. Bb2 e6 3. g3 Be7 4. Bg2 O-O 5. e3 d5 6. Ne2 b6 7. d3 Bb7 8. Nd2 c5 9. a3 Nc6 10. h3 Rc8 11. O-O Qc7 12. Kh1 Rfd8 13. Ra2 Nd7 14. Qa1 Bf6 15. Bxf6 Nxf6 16. Qb2 e5 17. b4 c4 18. d4 exd4 19. exd4 Re8 20. Nf4 g5 21. Nxd5 Nxd5 22. Bxd5 Ne7 23. Bxb7 Qxb7+ 24. Kg1 c3 25. Qc1 cxd2 26. Qxd2 h6 27. Raa1 Qf3 28. Rfe1 Nd5 29. Re5 Rxe5 30. dxe5 Nc3 31. Re1 Qd5 32. Qe3 Rc4 33. h4 Ne4 34. Qf3 Qc6 35. Qf5 Qe6 36. Qf3 Qxe5 37. hxg5 hxg5 38. Qg4 Nf6 39. Rxe5 Rxg4 40. Re7 Rc4 41. Rxa7 Rxc2 42. Ra6 Ne4 43. Rxb6 Nxf2 44. Rb5 f6 45. Rf5 Ne4 46. a4 Ra2 47. a5 Kf7 48. Rb5 Nxg3 49. Rb6 f5 50. a6 f4 51. Rb7+ Kf6 52. Rb6+ Kf5 53. Rb5+ Kg4 54. Ra5 Rb2 55. a7 f3 0-1


[Site "https://www.chess.com"]

[Event "Titled Tuesday Blitz August 08 Early 2023"]
[White "Sychev, Klementy"]
[Black "Colbow, Collin"]
[WhiteFideId "4114060"]
[BlackFideId "16201132"]
[WhiteElo "2765"]
[BlackElo "2607"]
[Result "1-0"]
[Round "8"]
[TimeControl "180+1"]
[Date "2023.08.08"]
[WhiteClock "0:00:16"]
[BlackClock "0:00:09"]
[Board "59"]

1. e4 c6 2. c4 d5 3. cxd5 cxd5 4. exd5 Nf6 5. Qa4+ Bd7 6. Qb3 Qc7 7. Nc3 Na6 8. d4 g6 9. Nf3 Bg7 10. Be2 O-O 11. O-O Bf5 12. Ne5 Rfd8 13. Nxf7 Rf8 14. Ne5 Kh8 15. Bf4 Qb6 16. Qxb6 axb6 17. a3 Rad8 18. Bf3 Nh5 19. Bg5 Nf6 20. Nc4 h6 21. Be3 b5 22. Ne5 b4 23. axb4 Nxb4 24. g4 Bc2 25. Rfc1 Nd7 26. Bg2 Nxe5 27. dxe5 Bxe5 28. Bc5 Nd3 29. Bxe7 Nxc1 30. Rxc1 Bb3 31. Bxf8 Rxf8 32. Nb5 h5 33. h3 hxg4 34. hxg4 Bf4 35. Rc3 Bd1 36. Bf3 Bxf3 37. Rxf3 g5 38. d6 Rd8 39. Rd3 Kg7 40. Nd4 Kf6 41. Nf5 Ke6 42. Kg2 Bxd6 43. Rxd6+ Rxd6 44. Nxd6 Kxd6 45. Kf3 Ke5 46. Ke3 b5 47. f4+ gxf4+ 48. Kf3 b4 49. b3 Kd4 50. Kxf4 Kc3 51. g5 Kxb3 52. g6 Kc2 53. g7 b3 54. g8=Q b2 55. Qc4+ Kd2 56. Qb3 Kc1 57. Qc3+ Kb1 58. Ke3 Ka2 59. Qa5+ Kb1 60. Kd3 Kc1 61. Qe1# 1-0


[Site "https://www.chess.com"]

[Event "Titled Tuesday Blitz August 08 Early 2023"]
[White "Nathan, Nitish"]
[Black "Aradhya, Garg"]
[WhiteFideId "30927870"]
[BlackFideId "25006746"]
[WhiteElo "2414"]
[BlackElo "2760"]
[Result "0-1"]
[Round "8"]
[TimeControl "180+1"]
[Date "2023.08.08"]
[WhiteClock "0:01:00"]
[BlackClock "0:02:31"]
[Board "60"]

1. d4 d5 2. Bf4 c5 3. e3 Nc6 4. Nf3 Nf6 5. Nbd2 Qb6 6. dxc5 Qxb2 7. Rb1 Qc3 8. Bb5 g6 9. e4 dxe4 10. Be5 Qa5 11. O-O exf3 12. Nc4 Qd8 13. Bxc6+ bxc6 14. Qxf3 Bg7 15. Qxc6+ Bd7 16. Qb7 Qc8 17. Qxc8+ Rxc8 18. Rb7 Be6 19. Na5 Rxc5 20. Rb8+ Rc8 21. Rb7 Rxc2 22. Rxa7 O-O 23. Rxe7 Rxa2 24. Nb7 Nd5 25. Bxg7 Kxg7 0-1


[Site "https://www.chess.com"]

[Event "Titled Tuesday Blitz August 08 Early 2023"]
[White "Shukhman, Anna"]
[Black "Hulka, Valentyn"]
[WhiteFideId "54180058"]
[BlackFideId "34107061"]
[WhiteElo "2539"]
[BlackElo "2725"]
[Result "1-0"]
[Round "8"]
[TimeControl "180+1"]
[Date "2023.08.08"]
[WhiteClock "0:01:05"]
[BlackClock "0:00:17"]
[Board "61"]

1. e4 c5 2. Nf3 Nc6 3. Bb5 g6 4. O-O Bg7 5. c3 e5 6. d4 cxd4 7. cxd4 exd4 8. Bf4 Nge7 9. Bd6 a6 10. Ba4 b5 11. Bb3 O-O 12. a4 Bb7 13. Re1 h6 14. e5 Re8 15. Bxf7+ Kxf7 16. Qb3+ Nd5 17. Qxd5+ Re6 18. Nbd2 Qb6 19. Qa2 Kg8 20. Ne4 Kh7 21. a5 Qa7 22. Neg5+ hxg5 23. Nxg5+ Kh8 24. Nxe6 dxe6 25. Qxe6 Bc8 26. Qxg6 Qd7 27. Re4 Qe6 28. Rh4+ Kg8 29. Qh7+ Kf7 30. Rf4+ 1-0


[Site "https://www.chess.com"]

[Event "Titled Tuesday Blitz August 08 Early 2023"]
[White "KorolDimitriy75"]
[Black "Akhmedinov, Satbek"]
[BlackFideId "13714287"]
[WhiteElo "2400"]
[BlackElo "2696"]
[Result "1-0"]
[Round "8"]
[TimeControl "180+1"]
[Date "2023.08.08"]
[WhiteClock "0:00:30"]
[BlackClock "0:02:34"]
[Board "62"]

1. d4 Nf6 2. c4 g6 3. Nc3 d5 4. cxd5 Nxd5 5. e4 Nxc3 6. bxc3 Bg7 7. Nf3 c5 8. Rb1 O-O 9. Be2 Qa5 10. Qd2 cxd4 11. cxd4 Qxd2+ 12. Bxd2 Nc6 13. d5 Nd4 14. Nxd4 Bxd4 15. Bb4 Re8 16. Bb5 Bg4 17. Bxe8 Rxe8 18. h3 Bd7 19. O-O Bb5 20. Rfd1 Be5 21. Bc3 Bxc3 22. Rxb5 b6 23. Rc1 Be5 24. Kf1 f5 25. exf5 gxf5 26. Rc6 Bd6 27. Rb3 Kf7 28. Rbc3 Kf6 29. Rc8 Rxc8 30. Rxc8 Ke5 31. Rh8 Kxd5 32. Rxh7 Kc4 33. h4 Kb4 34. h5 Ka3 35. h6 Kxa2 36. Rf7 a5 37. h7 Be5 38. Rxf5 Bd4 39. Rf8 Kb3 40. h8=Q Bxh8 41. Rxh8 b5 42. Ra8 a4 43. g4 b4 44. g5 a3 45. g6 Kc2 46. g7 b3 1-0


[Site "https://www.chess.com"]

[Event "Titled Tuesday Blitz August 08 Early 2023"]
[White "Mazurkiewicz, Michal"]
[Black "Jones, Gawain C B"]
[WhiteFideId "1124943"]
[BlackFideId "409561"]
[WhiteElo "2401"]
[BlackElo "2879"]
[Result "0-1"]
[Round "8"]
[TimeControl "180+1"]
[Date "2023.08.08"]
[WhiteClock "0:00:00"]
[BlackClock "0:00:29"]
[Board "63"]

1. e4 c6 2. d3 d5 3. Nd2 e5 4. Ngf3 dxe4 5. dxe4 Qc7 6. Bc4 Be7 7. a4 a5 8. c3 Na6 9. Qb3 Nh6 10. Nf1 Nc5 11. Qa2 Nxe4 12. Bxh6 gxh6 13. Bxf7+ Kf8 14. Bh5 Bc5 15. Ne3 Nf6 16. g4 Nxh5 17. gxh5 Qf7 18. Qxf7+ Kxf7 19. Nxe5+ Kf6 20. Nd3 Bxe3 21. fxe3 Bg4 22. Rf1+ Ke7 23. Rf4 Bxh5 24. Re4+ Kd6 25. Nf4 Bf3 26. Re6+ Kd7 27. Kf2 Bg4 28. Rxh6 Rad8 29. Rg1 Bf5 30. Rg7+ Kc8 31. Rf6 Rhf8 32. Rxf8 Rxf8 33. Kf3 Bc2 34. e4 h5 35. e5 Bxa4 36. e6 Bb3 37. e7 Re8 38. Nxh5 Bd1+ 39. Kf4 Bxh5 40. Kg5 Rh8 41. Kf6 Be8 42. Rg2 Rh6+ 43. Kg7 Rd6 44. Kf8 Kd7 45. h4 Rf6+ 46. Kg7 Kxe7 47. Rg5 b5 48. h5 Bxh5 49. Rxh5 Rf2 50. c4 Rxb2 51. Rh6 Rg2+ 52. Kh7 b4 53. Rxc6 b3 0-1


[Site "https://www.chess.com"]

[Event "Titled Tuesday Blitz August 08 Early 2023"]
[White "Camilla_Lee"]
[Black "Tristan, Leonardo"]
[BlackFideId "113816"]
[WhiteElo "2550"]
[BlackElo "2797"]
[Result "1-0"]
[Round "8"]
[TimeControl "180+1"]
[Date "2023.08.08"]
[WhiteClock "0:00:05"]
[BlackClock "0:00:00"]
[Board "64"]

1. e4 d5 2. exd5 Qxd5 3. Nc3 Qa5 4. d4 Nf6 5. Nf3 Bf5 6. Bd2 e6 7. Bc4 Bb4 8. a3 Bxc3 9. Bxc3 Qb6 10. Qe2 O-O 11. Ne5 Nc6 12. O-O Rad8 13. Nxc6 Qxc6 14. Bb3 Nd5 15. Bd2 Nb6 16. c3 Be4 17. f3 Bd5 18. Bxd5 exd5 19. b3 a5 20. a4 Nc8 21. Qd3 Nd6 22. Rfe1 Rfe8 23. Rxe8+ Rxe8 24. Re1 Rxe1+ 25. Bxe1 Qe8 26. Kf2 h5 27. Qe3 Qxe3+ 28. Kxe3 f6 29. Kd3 Kf7 30. c4 dxc4+ 31. bxc4 b6 32. c5 Nf5 33. Ke4 Ne7 34. cxb6 cxb6 35. d5 Ke8 36. Bf2 Nc8 37. Kf5 Kf7 38. Bg3 g6+ 39. Ke4 Ke7 40. Bf2 Kd7 41. g4 Nd6+ 42. Kd3 b5 43. gxh5 gxh5 44. axb5 Nxb5 45. Kc4 Nd6+ 46. Kc5 Nf5 47. Kb5 Kd6 48. Kc4 Ke5 49. Bb6 Kd6 50. Bxa5 Ne3+ 51. Kd4 Nxd5 52. Ke4 Ke6 53. Bd2 Ne7 54. Kf4 Ng6+ 55. Ke4 Nh4 56. Bc3 Ng2 57. Bd2 Nh4 58. Bc3 Ng6 59. Bd2 f5+ 60. Ke3 Kf6 61. Kf2 f4 62. Bc3+ Kf5 63. Ke2 Ne7 64. Bb2 Nd5 65. Bd4 Nb4 66. Bc5 Nc6 67. Bb6 Ne5 68. Bd4 Nf7 69. Ba7 Nd6 70. Bb8 Nb5 71. Kf2 Kg5 72. Kg2 Nd4 73. Kf2 Nf5 74. Be5 Nh4 75. Bc7 Ng6 76. Bd8+ Kf5 77. Bc7 Ke6 78. Bb8 Kf5 79. Ke2 Ne7 80. Kd3 Nd5 81. Ke2 Nb6 82. Ba7 Na4 83. Bd4 Ke6 84. Kd3 Kd5 85. Ba7 Nb2+ 86. Kc2 Nc4 87. Bb8 Ne5 88. Bxe5 Kxe5 89. Kc3 Kd5 90. Kd3 Ke5 91. Kc4 Kf5 92. Kd4 Kg5 93. Ke4 Kh4 94. Kxf4 Kh3 95. Kg5 h4 96. f4 1-0


[Site "https://www.chess.com"]

[Event "Titled Tuesday Blitz August 08 Early 2023"]
[White "Salman, Pavel"]
[Black "Atakhan, Abtin"]
[WhiteFideId "24153753"]
[BlackFideId "22502203"]
[WhiteElo "2548"]
[BlackElo "2795"]
[Result "0-1"]
[Round "8"]
[TimeControl "180+1"]
[Date "2023.08.08"]
[WhiteClock "0:00:07"]
[BlackClock "0:00:49"]
[Board "65"]

1. d4 Nf6 2. Nc3 d5 3. Bf4 g6 4. Nb5 Na6 5. e3 Bg7 6. Nf3 O-O 7. Ne5 Ne4 8. f3 Nf6 9. g4 c6 10. Nc3 Qb6 11. Na4 Qa5+ 12. c3 b5 13. Nxc6 Qxa4 14. b3 Qa3 15. Bxb5 Bd7 16. Qc1 Qxc1+ 17. Rxc1 Kh8 18. a4 Rfe8 19. h4 h5 20. g5 Ng8 21. Ne5 Bxb5 22. Nxf7+ Kh7 23. axb5 Nb8 24. Ra1 Nd7 25. Kd2 Rf8 26. Ne5 Bxe5 27. dxe5 e6 28. b4 Ne7 29. Ra6 Nb6 30. Rha1 Nec8 31. Ke2 Rf7 32. Bg3 Rb8 33. Bf2 Rbb7 34. e4 dxe4 35. fxe4 Rbc7 36. Bc5 Nd7 37. Bd4 Ndb6 38. Ke3 Kg8 39. R1a2 Kf8 40. Ra1 Ke8 41. Bc5 Nc4+ 42. Kd4 N8b6 43. Bxb6 Rfd7# 0-1


[Site "https://www.chess.com"]

[Event "Titled Tuesday Blitz August 08 Early 2023"]
[White "Srihari L R"]
[Black "Janaszak, Dawid"]
[WhiteFideId "46617116"]
[BlackFideId "1119206"]
[WhiteElo "2758"]
[BlackElo "2542"]
[Result "0-1"]
[Round "8"]
[TimeControl "180+1"]
[Date "2023.08.08"]
[WhiteClock "0:01:27"]
[BlackClock "0:00:49"]
[Board "66"]

1. c4 e6 2. Nc3 d5 3. e3 Nf6 4. Nf3 Be7 5. b3 O-O 6. Bb2 b6 7. cxd5 exd5 8. d4 Re8 9. Bd3 Ba6 10. Rc1 Bxd3 11. Qxd3 Nbd7 12. O-O a6 13. Ne5 Bd6 14. f4 c5 15. Na4 cxd4 16. Nc6 Rxe3 17. Qxd4 Qe8 18. Nxb6 Nxb6 19. Qxb6 Re2 20. Bxf6 gxf6 21. Kh1 Qe4 22. Nd4 Qxg2# 0-1


[Site "https://www.chess.com"]

[Event "Titled Tuesday Blitz August 08 Early 2023"]
[White "Burmakin, Vladimir"]
[Black "Tanenbaum, Zachary"]
[WhiteFideId "4105109"]
[BlackFideId "2060850"]
[WhiteElo "2538"]
[BlackElo "2741"]
[Result "0-1"]
[Round "8"]
[TimeControl "180+1"]
[Date "2023.08.08"]
[WhiteClock "0:01:12"]
[BlackClock "0:00:49"]
[Board "67"]

1. c4 e5 2. g3 Nc6 3. Bg2 Nf6 4. Nc3 Bc5 5. e3 d6 6. Nge2 O-O 7. Rb1 Ne7 8. b4 Bb6 9. d4 exd4 10. exd4 Bf5 11. Rb3 c6 12. O-O Ng6 13. c5 Bc7 14. d5 cxd5 15. Nxd5 Nxd5 16. Bxd5 Bh3 17. Re1 dxc5 18. bxc5 Ba5 19. Bxb7 Bxe1 20. Qxe1 Rb8 21. Bh1 Rxb3 22. axb3 Qd3 23. b4 Re8 24. Be3 Rd8 25. Bg2 Bxg2 26. Kxg2 Qe4+ 27. Kh3 Rd5 28. g4 h5 29. g5 Qg4# 0-1


[Site "https://www.chess.com"]

[Event "Titled Tuesday Blitz August 08 Early 2023"]
[White "Mekhitarian, Krikor Sevag"]
[Black "Degenbaev, Aziz"]
[WhiteFideId "2107660"]
[BlackFideId "13802640"]
[WhiteElo "2737"]
[BlackElo "2536"]
[Result "1-0"]
[Round "8"]
[TimeControl "180+1"]
[Date "2023.08.08"]
[WhiteClock "0:01:04"]
[BlackClock "0:01:00"]
[Board "68"]

1. Nf3 d5 2. c4 d4 3. b4 g5 4. h3 h6 5. g3 Bg7 6. d3 e5 7. Bg2 Ne7 8. O-O O-O 9. a4 Ng6 10. Ra2 Nd7 11. e4 dxe3 12. Bxe3 Nf6 13. Nc3 g4 14. hxg4 Bxg4 15. Qb1 c6 16. b5 Bf5 17. Rd1 Qd7 18. a5 a6 19. Na4 Rab8 20. Nc5 Qe7 21. bxa6 bxa6 22. Qc1 Ra8 23. Na4 Ng4 24. Bc5 Qf6 25. Bxf8 Bxf8 26. Nh2 Nxh2 27. Kxh2 Rd8 28. Qe3 h5 29. Nc5 h4 30. Ne4 hxg3+ 31. fxg3 Qe7 32. Rf2 Be6 33. Nf6+ Kh8 34. Rh1 1-0


[Site "https://www.chess.com"]

[Event "Titled Tuesday Blitz August 08 Early 2023"]
[White "Prohaszka, Peter"]
[Black "Baghdasaryan, Vahe"]
[WhiteFideId "726265"]
[BlackFideId "13303139"]
[WhiteElo "2721"]
[BlackElo "2531"]
[Result "1-0"]
[Round "8"]
[TimeControl "180+1"]
[Date "2023.08.08"]
[WhiteClock "0:00:35"]
[BlackClock "0:00:00"]
[Board "69"]

1. d4 d5 2. Nf3 Nf6 3. c3 Bf5 4. Qb3 b6 5. Bf4 e6 6. e3 h6 7. Bb5+ Nfd7 8. Ne5 a6 9. Qa4 f6 10. Nc6 Nxc6 11. Bxc6 Ra7 12. Nd2 Be7 13. c4 dxc4 14. Qxc4 O-O 15. e4 b5 16. Qb3 Kh8 17. exf5 exf5 18. d5 g5 19. Be3 Nc5 20. Qc2 Qd6 21. b4 Ne4 22. Nxe4 Qxb4+ 23. Nd2 f4 24. Bxa7 1-0


[Site "https://www.chess.com"]

[Event "Titled Tuesday Blitz August 08 Early 2023"]
[White "Djordjevic, Vuk"]
[Black "Eynullayev, Atilla"]
[WhiteFideId "902098"]
[BlackFideId "13413570"]
[WhiteElo "2707"]
[BlackElo "2530"]
[Result "0-1"]
[Round "8"]
[TimeControl "180+1"]
[Date "2023.08.08"]
[WhiteClock "0:00:02"]
[BlackClock "0:00:11"]
[Board "70"]

1. d4 Nf6 2. Bg5 d5 3. Bxf6 gxf6 4. e3 c5 5. dxc5 Nc6 6. Nf3 Qa5+ 7. Nbd2 Qxc5 8. Be2 Rg8 9. O-O Bh3 10. Ne1 O-O-O 11. Kh1 Bf5 12. Bd3 Bg6 13. Bxg6 hxg6 14. c3 e6 15. b4 Qd6 16. a4 Rh8 17. g3 g5 18. a5 Ne5 19. Kg2 f5 20. Nef3 f6 21. Nd4 Rd7 22. Qe2 Rdh7 23. Rh1 Kb8 24. N2b3 f4 25. Nc5 Re7 26. Rad1 Bg7 27. exf4 gxf4 28. Kf1 fxg3 29. fxg3 f5 30. Kg2 Rhe8 31. h3 Nc4 32. Rhe1 Bxd4 33. Rxd4 Rg8 34. Qxc4 Qxg3+ 35. Kf1 Qg2# 0-1


[Site "https://www.chess.com"]

[Event "Titled Tuesday Blitz August 08 Early 2023"]
[White "Domingo Nunez, Alejandro"]
[Black "KarolKacprzak"]
[WhiteFideId "22245561"]
[WhiteElo "2527"]
[BlackElo "2681"]
[Result "0-1"]
[Round "8"]
[TimeControl "180+1"]
[Date "2023.08.08"]
[WhiteClock "0:00:00"]
[BlackClock "0:00:31"]
[Board "71"]

1. Nf3 d5 2. g3 Bg4 3. Bg2 Nd7 4. d4 Ngf6 5. O-O e6 6. c4 c6 7. cxd5 exd5 8. h3 Bxf3 9. exf3 Be7 10. f4 O-O 11. Nc3 Re8 12. h4 Qb6 13. f5 Bb4 14. Qd3 Bxc3 15. bxc3 Ne4 16. Bf4 Qa5 17. c4 Qa6 18. Rac1 Nb6 19. Rfe1 Nf6 20. Bg5 dxc4 21. Qc2 Nbd5 22. Re5 b5 23. Rce1 h6 24. Qd1 Kf8 25. Bf4 Qa3 26. Bxd5 cxd5 27. Bc1 Qa6 28. g4 Ne4 29. f3 Rxe5 30. dxe5 Qb6+ 31. Kg2 Qf2+ 0-1


[Site "https://www.chess.com"]

[Event "Titled Tuesday Blitz August 08 Early 2023"]
[White "Mammadzada, Gunay"]
[Black "Ioannidis, Evgenios"]
[WhiteFideId "13403729"]
[BlackFideId "4229274"]
[WhiteElo "2527"]
[BlackElo "2679"]
[Result "1-0"]
[Round "8"]
[TimeControl "180+1"]
[Date "2023.08.08"]
[WhiteClock "0:00:31"]
[BlackClock "0:00:28"]
[Board "72"]

1. e4 c5 2. Nf3 d6 3. d4 cxd4 4. Nxd4 Nf6 5. Nc3 a6 6. h3 e5 7. Nb3 Be6 8. f4 exf4 9. Bxf4 Nc6 10. Qd2 Be7 11. O-O-O Ne5 12. Nd4 Qc7 13. Nf5 Bxf5 14. exf5 O-O 15. g4 Rfc8 16. g5 Nh5 17. Nd5 Qd8 18. h4 Nxf4 19. Qxf4 Bf8 20. f6 Qa5 21. Kb1 g6 22. h5 Qc5 23. c3 gxh5 24. Rxh5 Ng6 25. Qh2 Re8 26. Rxh7 Re5 27. c4 Rxd5 28. cxd5 Rc8 29. Bd3 Qxd5 30. Rh8+ Nxh8 31. Qh7# 1-0


[Site "https://www.chess.com"]

[Event "Titled Tuesday Blitz August 08 Early 2023"]
[White "Nava, Roderick"]
[Black "Tikhonov, Viacheslav"]
[WhiteFideId "5201730"]
[BlackFideId "44196407"]
[WhiteElo "2661"]
[BlackElo "2524"]
[Result "0-1"]
[Round "8"]
[TimeControl "180+1"]
[Date "2023.08.08"]
[WhiteClock "0:00:00"]
[BlackClock "0:02:19"]
[Board "73"]

1. e4 c5 2. Nc3 Nc6 3. f4 g6 4. Nf3 Bg7 5. Bc4 e6 6. e5 d5 7. exd6 Qxd6 8. d3 Nf6 9. O-O O-O 10. Kh1 b6 11. Qe1 Bb7 12. Qh4 Nd4 13. Nxd4 cxd4 14. Ne2 Nd5 0-1


[Site "https://www.chess.com"]

[Event "Titled Tuesday Blitz August 08 Early 2023"]
[White "Martin Barcelo, Carles"]
[Black "Hoang, Thi Bao Tram"]
[WhiteFideId "24561444"]
[BlackFideId "12401102"]
[WhiteElo "2522"]
[BlackElo "2657"]
[Result "0-1"]
[Round "8"]
[TimeControl "180+1"]
[Date "2023.08.08"]
[WhiteClock "0:00:00"]
[BlackClock "0:00:32"]
[Board "74"]

1. e4 c6 2. Nf3 d5 3. Nc3 Bg4 4. h3 Bxf3 5. Qxf3 e6 6. Be2 Nf6 7. O-O Be7 8. exd5 cxd5 9. d4 O-O 10. Bd3 Nc6 11. Ne2 Nb4 12. Bf4 Qb6 13. c3 Nxd3 14. Qxd3 Ne4 15. Rab1 Rac8 16. Qd1 Bd6 17. Bxd6 Qxd6 18. Nc1 e5 19. dxe5 Qxe5 20. Nb3 Rc6 21. Qd4 Qg5 22. Rbd1 Rg6 23. g4 Qh4 24. Rd3 h5 25. g5 Rxg5+ 26. Kh1 Rg6 27. Qe3 Re8 28. Kh2 Re5 29. Rg1 Rf6 30. Rg2 Ref5 31. f3 Ng5 32. f4 Rxf4 33. Qg3 Qxg3+ 34. Rdxg3 Ne6 35. Nd4 g6 36. Nxe6 Rxe6 37. Rd2 Re5 38. Rgd3 Rff5 39. Kg3 Kg7 40. h4 Kh6 41. b3 Kg7 42. Kh3 Kf6 43. Kg3 Ke6 44. Rd4 Re4 45. R4d3 Rg4+ 46. Kh3 Re5 47. c4 dxc4 48. Rd6+ Kf5 49. Rf2+ Rf4 50. Rxf4+ Kxf4 0-1


[Site "https://www.chess.com"]

[Event "Titled Tuesday Blitz August 08 Early 2023"]
[White "Dehtiarov, Roman"]
[Black "Ansh M Shah"]
[WhiteFideId "14186640"]
[BlackFideId "25033379"]
[WhiteElo "2656"]
[BlackElo "2522"]
[Result "1-0"]
[Round "8"]
[TimeControl "180+1"]
[Date "2023.08.08"]
[WhiteClock "0:00:23"]
[BlackClock "0:00:00"]
[Board "75"]

1. c4 Nf6 2. Nc3 e6 3. e4 d6 4. d4 g6 5. Be3 Bg7 6. Nf3 O-O 7. h3 b6 8. Bd3 Bb7 9. O-O c5 10. Qd2 Re8 11. Rad1 Nc6 12. dxc5 bxc5 13. Bc2 e5 14. Qxd6 Nd4 15. Qxd8 Raxd8 16. Ba4 Re6 17. Bg5 h6 18. Bxf6 Bxf6 19. Nd5 Bg7 20. Nxd4 exd4 21. f3 g5 22. Ne3 Be5 23. Nf5 Kh7 24. Rd3 Ba6 25. b3 Bc8 26. Rfd1 a5 27. Bb5 Kg6 28. Ne3 Ba6 29. Nd5 Rb8 30. a4 Bb7 31. Rc1 Rd8 32. Rc2 Rb8 33. Bd7 Rd6 34. Bf5+ Kg7 35. Kf2 Bc8 36. Bxc8 Rxc8 37. g3 Rb8 38. f4 gxf4 39. gxf4 Bxf4 40. Nxf4 Rf6 41. Kf3 Kh7 42. e5 Rf5 43. Ke4 Rg5 44. Rg2 1-0


[Site "https://www.chess.com"]

[Event "Titled Tuesday Blitz August 08 Early 2023"]
[White "Lehtosaari, Mauri"]
[Black "Kleiman, Jake"]
[WhiteFideId "501999"]
[BlackFideId "2020041"]
[WhiteElo "2522"]
[BlackElo "2650"]
[Result "0-1"]
[Round "8"]
[TimeControl "180+1"]
[Date "2023.08.08"]
[WhiteClock "0:00:00"]
[BlackClock "0:00:13"]
[Board "76"]

1. d4 Nf6 2. Nf3 e6 3. Bg5 h6 4. Bh4 d6 5. Nbd2 g5 6. Bg3 Nh5 7. e3 Bg7 8. Bd3 Nd7 9. c3 a6 10. Qe2 b6 11. Ng1 Nxg3 12. hxg3 Bb7 13. Be4 d5 14. Bd3 Qe7 15. f4 Nf6 16. Ngf3 Ne4 17. Nf1 f6 18. N3d2 a5 19. Nxe4 dxe4 20. Bc4 O-O-O 21. O-O-O Kb8 22. Nd2 e5 23. dxe5 fxe5 24. f5 h5 25. Rxh5 Rxh5 26. Qxh5 Rh8 27. Qe2 Qc5 28. g4 a4 29. a3 Bf6 30. Kb1 Bc6 31. Nf1 Rh1 32. Be6 Bb5 33. c4 Bc6 34. Kc1 b5 35. Nd2 Rh2 36. Nf1 Rh1 37. Nd2 Rh8 38. Kb1 b4 39. axb4 Qxb4 40. Ka1 Ka7 41. Nb1 Rb8 42. Qc2 Be7 43. Nc3 Bc5 44. Nd5 Qa5 45. Qc3 Qa6 46. f6 a3 47. b4 Bxd5 48. cxd5 Bxb4 49. Qxc7+ Rb7 50. Qc2 Qa5 51. Ka2 Bc3 0-1


[Site "https://www.chess.com"]

[Event "Titled Tuesday Blitz August 08 Early 2023"]
[White "Zeynalli, Rashad"]
[Black "reevecanada"]
[WhiteFideId "13403320"]
[WhiteElo "2650"]
[BlackElo "2521"]
[Result "1/2-1/2"]
[Round "8"]
[TimeControl "180+1"]
[Date "2023.08.08"]
[WhiteClock "0:00:11"]
[BlackClock "0:00:07"]
[Board "77"]

1. e4 c5 2. Nf3 d6 3. Bb5+ Bd7 4. Bxd7+ Qxd7 5. c4 e5 6. a3 Nc6 7. Nc3 g6 8. O-O Nge7 9. b4 b6 10. bxc5 bxc5 11. Nd5 Nxd5 12. exd5 Ne7 13. Rb1 Bg7 14. d3 O-O 15. Qb3 Rac8 16. Qb7 Rc7 17. Qa6 h6 18. Bd2 Re8 19. Ba5 Rcc8 20. Rb7 Qf5 21. Qxd6 Bf6 22. Nd2 Kg7 23. Ne4 Ng8 24. Qa6 Be7 25. d6 Qe6 26. Qxa7 Ra8 27. Qxc5 Rec8 28. Rc7 Rxc7 29. Bxc7 Bf8 30. d4 f5 31. Nc3 exd4 32. Qxd4+ Kf7 33. d7 Be7 34. d8=Q Bxd8 35. Bxd8 Rxa3 36. Nb5 Ra2 37. Nd6+ Kf8 38. c5 Rc2 39. Bb6 Qe2 40. Qe3 Qxe3 41. fxe3 Ke7 42. Rd1 Ke6 43. Nc8 Nf6 44. Rd6+ Ke5 45. Rd1 Ng4 46. Bc7+ Ke4 47. Nd6+ Kxe3 48. h3 Ke2 49. Rf1 Ne3 50. Rf2+ Kd3 51. Rxc2 Nxc2 52. c6 Nd4 53. Nf7 Nxc6 54. Nxh6 Ke4 55. Kf2 f4 56. Ng4 Kf5 57. Bb6 Nb4 58. Ba7 Nd3+ 59. Ke2 Nb4 60. Bb8 Nc6 61. Bc7 Nd4+ 62. Kf2 Nb3 63. Nh6+ Kg5 64. Nf7+ Kf5 65. Nd6+ Ke6 66. Ne4 Kf5 67. Nc3 Nc5 68. Ne2 Nd3+ 69. Kf3 Ne1+ 70. Kf2 Nd3+ 71. Kf1 g5 72. Ng1 g4 73. hxg4+ Kxg4 74. Nf3 Nc5 75. Ne5+ Kf5 76. Ke2 Ne6 77. Nd3 Nxc7 78. Kf3 Nd5 79. Nf2 Nf6 80. Nd3 Nd5 81. Nc5 Nf6 82. Ne4 Nd5 83. Nd6+ Ke5 84. Nc4+ Kf5 85. Nd2 Nf6 86. Nb3 Ng4 87. Nd4+ Kg5 88. Ne6+ Kf5 89. Nxf4 Ne5+ 90. Kg3 Ke4 91. Nh3 Nc4 92. Nf2+ Kf5 93. Kh4 Ne3 94. g3 Ng2+ 95. Kh3 Ne3 96. Nd3 Kg5 97. Nf4 Nf1 98. Ne6+ Kf6 99. Nd4 Nxg3 1/2-1/2


[Site "https://www.chess.com"]

[Event "Titled Tuesday Blitz August 08 Early 2023"]
[White "Piesik, Piotr"]
[Black "Vyatkin, Dmitry"]
[WhiteFideId "1136194"]
[BlackFideId "4171900"]
[WhiteElo "2649"]
[BlackElo "2519"]
[Result "0-1"]
[Round "8"]
[TimeControl "180+1"]
[Date "2023.08.08"]
[WhiteClock "0:01:24"]
[BlackClock "0:00:36"]
[Board "78"]

1. Nf3 Nf6 2. g3 g6 3. Bg2 Bg7 4. O-O O-O 5. d4 d6 6. Nbd2 Nc6 7. e4 e5 8. dxe5 dxe5 9. c3 Qe7 10. b4 Rd8 11. Qe2 a6 12. a4 Bg4 13. Ba3 Qd7 14. Nc4 Bxf3 15. Bxf3 Qd3 16. b5 Qxe2 17. Bxe2 axb5 18. axb5 Na5 19. f3 Nxc4 20. Bxc4 Bf8 21. Bxf8 Kxf8 22. Kf2 Ke7 23. Ke3 Nd7 24. Bd5 Nc5 25. f4 exf4+ 26. gxf4 f6 27. c4 Kd6 28. Kd4 Nb3+ 0-1


[Site "https://www.chess.com"]

[Event "Titled Tuesday Blitz August 08 Early 2023"]
[White "Rychagov, Andrey"]
[Black "NicolaiMaxime"]
[WhiteFideId "4119932"]
[WhiteElo "2646"]
[BlackElo "2511"]
[Result "1-0"]
[Round "8"]
[TimeControl "180+1"]
[Date "2023.08.08"]
[WhiteClock "0:00:50"]
[BlackClock "0:00:05"]
[Board "79"]

1. d4 Nf6 2. c4 e6 3. Nf3 b6 4. a3 Bb7 5. Nc3 Be7 6. d5 exd5 7. cxd5 O-O 8. e4 d6 9. Bd3 Nbd7 10. O-O Ng4 11. h3 Nge5 12. Nxe5 Nxe5 13. Be2 Bf6 14. Be3 Re8 15. Rc1 h6 16. Nb5 Re7 17. Nd4 Nd7 18. Qc2 Nc5 19. f3 Rc8 20. b4 Nd7 21. Nc6 Bxc6 22. Qxc6 Ne5 23. Qc2 c6 24. dxc6 Rxc6 25. Qd2 Rec7 26. Rxc6 Rxc6 27. Rd1 Qc7 28. Bb5 Rc2 29. Rc1 Rxc1+ 30. Qxc1 Qe7 31. f4 Ng6 32. Bc6 Kh7 33. Bd5 h5 34. Qd1 Kg8 35. Qxh5 Nf8 36. Qf5 Qc7 37. Kh2 Qc3 38. Bf2 g6 39. Qg4 Bd4 40. Bxd4 Qxd4 41. h4 Kg7 42. h5 Qe3 43. Qg5 f6 44. h6+ Kh7 45. Qxf6 Kxh6 46. Qxf8+ Kh5 47. Be6 Qe1 48. Qh8# 1-0


[Site "https://www.chess.com"]

[Event "Titled Tuesday Blitz August 08 Early 2023"]
[White "ATM622"]
[Black "Freitag, Manfred"]
[BlackFideId "1602004"]
[WhiteElo "2515"]
[BlackElo "2635"]
[Result "0-1"]
[Round "8"]
[TimeControl "180+1"]
[Date "2023.08.08"]
[WhiteClock "0:01:11"]
[BlackClock "0:01:57"]
[Board "80"]

1. d4 Nf6 2. c4 g6 3. g3 Bg7 4. Bg2 O-O 5. Nf3 d6 6. O-O Nbd7 7. Nc3 e5 8. e4 c6 9. b3 Re8 10. Re1 exd4 11. Nxd4 Nc5 12. Bb2 Ng4 13. b4 Ne6 14. Nxc6 bxc6 15. Qxg4 Ng5 16. Qd1 Nh3+ 17. Kf1 Qb6 18. Qd3 Qxf2# 0-1


[Site "https://www.chess.com"]